 Dungeon Crawl Stone Soup version 0.31-a0-981-geadf994542 (webtiles) character file.

Game seed: 7782394311593184960

28 Whiskey the Changeling (level 3, -1/23 HPs)
             Began as an Octopode Shapeshifter on Nov 2, 2023.
             Slain by a quokka (5 damage)
             ... on level 1 of the Dungeon.
             The game lasted 00:00:41 (305 turns).

Whiskey the Changeling (Octopode Shapeshifter)       Turns: 305, Time: 00:00:42

Health: -1/23      AC:  1    Str: 13    XL:     3   Next: 12%
Magic:  3/3        EV: 13    Int: 14    God:
Gold:   36         SH:  0    Dex: 11    Spells: 2/2 levels left

rFire   . .          .
                       - Unarmed
rCold   . . .        (no shield)
rNeg    . . .        (helmet currently unavailable)
rPois   .            (no amulet)
rElec   .            f - ring of resist corrosion
rCorr   +            (no ring)
SInv    .            (no ring)
Will    .....        (no ring)
Stlth   ++           (no ring)
HPRegen 0.23/turn    (no ring)
MPRegen 0.08/turn    (no ring)
                     (no ring)

%: no passive effects
@: beast-form
A: beast (slay +1), almost no armour, amphibious, 8 rings, camouflage 1,
gelatinous body 1, (nimble swimmer 1), tentacles
a: Begin Untransformation


You were on level 1 of the Dungeon.
You were a hulking beast.
You visited 1 branch of the dungeon, and saw 1 of its levels.

You collected 36 gold pieces.

Inventory:

Jewellery
 f - a ring of resist corrosion (left tentacle)
   (You found it on level 1 of the Dungeon)
Talismans
 b - a beast talisman
 c - a flux talisman
Scrolls
 d - a scroll of identify {unknown}
 e - a scroll of amnesia {unknown}
Potions
 a - a potion of lignification {!q}


   Skills:
 + Level 1.5 Fighting
 + Level 2.3 Dodging
 + Level 3.2 Unarmed Combat
 * Level 3.4 Shapeshifting


You had 2 spell levels left.
You didn't know any spells.
Your spell library was empty.

Dungeon Overview and Level Annotations

Branches:
Dungeon (1/15)

Altars:


Innate Abilities, Weirdness & Mutations

You are a hulking beast.
Your limbs bulge with bestial killing power. (Slay +1)
You cannot wear most types of armour.
You are amphibious.
You can wear up to eight rings at the same time.
Your skin changes colour to match your surroundings (Stealth+).
Your rubbery body absorbs attacks. (AC +1, EV +1)
((You are camouflaged when in or above water. (Stealth+)))
You have tentacles for arms and can constrict up to eight enemies at once.


Message History

No target in view!
No target in view!
No target in view!
No target in view!
A ball python comes into view.
The ball python hisses angrily.
The ball python bites you but does no damage.
The ball python grabs you. The ball python constricts you.
You take 1 damage, and have 17/18 hp.
You barely miss the ball python. You grab the ball python.
You constrict the ball python. The ball python bites you.
The ball python constricts you.
You take 3 damage, and have 14/18 hp.
You tentacle-slap the ball python. x2; You constrict the ball python.
You kill the ball python!
No target in view!
No target in view!
No target in view!
No target in view!
No target in view!
No target in view!
No target in view!
No target in view!
f - a ring of resist corrosion Health restored: 18
f - a ring of resist corrosion (left tentacle)
You open the door.
There is an open door here.
You now have 36 gold pieces (gained 4).
You open the door.
There is an open door here.
A rat comes into view.
A jackal comes into view. 2 jackals come into view.
The jackal barks!
You hear a bark!
A jackal comes into view.
The jackal barks!
A quokka comes into view.
You tentacle-slap the jackal. Your grab misses the jackal.
Your squeeze misses the jackal. The jackal completely misses you.
You tentacle-slap the jackal.
You kill the jackal!
The jackal closely misses you. The rat bites you.
You take 2 damage, and have 16/18 hp.
You tentacle-slap the jackal. Your grab misses the jackal.
Your tentacle-slap misses the jackal.
Your squeeze misses the jackal.
A jackal comes into view.
The jackal closely misses you. The jackal bites you.
A giant cockroach comes into view.
The rat bites you but does no damage. The jackal barely misses you.
You take 1 damage, and have 15/18 hp.
The jackal barks!
You tentacle-slap the jackal.
You kill the jackal!
The jackal bites you but does no damage.
The jackal bites you. The jackal closely misses you.
The rat bites you but does no damage.
You take 2 damage, and have 13/18 hp.
You barely miss the jackal. You grab the jackal. You squeeze the jackal.
You constrict the jackal. The jackal barely misses you. The jackal bites you.
The rat misses you.
You take 1 damage, and have 12/18 hp.
You tentacle-slap the jackal.
You kill the jackal!
The quokka barely misses you. The jackal bites you. The rat closely misses you.
You have reached level 3!
Your experience leads to an increase in your attributes!
Increase (s)trength, (i)ntelligence, or (d)exterity?
You feel clever. x2
MP restored: 3 The jackal closely misses you.
The rat barely misses you. The jackal attacks as it pursues you!
The jackal barely misses you. The quokka attacks as it pursues you!
The quokka completely misses you. The quokka attacks as it pursues you!
The quokka bites you. The jackal closely misses you.
You take 5 damage, and have 9/23 hp.
MASSIVE DAMAGE!!
The jackal attacks as it pursues you! The jackal barely misses you.
The quokka attacks as it pursues you! The quokka bites you.
* * * LOW HITPOINT WARNING * * *
The jackal bites you.
* * * LOW HITPOINT WARNING * * *
You take 5 damage, and have 5/23 hp.
MASSIVE DAMAGE!!
The quokka bites you.
* * * LOW HITPOINT WARNING * * *
You take 2 damage, and have 3/23 hp.
The jackal attacks as it pursues you! The jackal misses you.
The jackal barely misses you.
You tentacle-slap the jackal. You grab the jackal. You squeeze the jackal.
You kill the jackal!
You tentacle-slap the giant cockroach. You grab the giant cockroach.
You constrict the giant cockroach. The giant cockroach closely misses you.
You tentacle-slap the giant cockroach. You constrict the giant cockroach.
You kill the giant cockroach!
The jackal misses you.
You tentacle-slap the jackal.
You kill the jackal!
You closely miss the quokka. You grab the quokka.
You constrict the quokka, but do no damage.
The quokka bites you.
You die...

####............#..######+######'
#....(.......#..# #...........
#............#..# #...........
###'###.......#..# #...........
#....##.......#..######+####...
#.....+.......#..#......# #...
###.....#....####..#.###### #...
..'......................... ....
###.....#.######h#.#.#########...
###....##.# ##r#.#.# #...
..#######.# #.r#.#.# #.# #.#
#..#.### #.. #..#.. #####+#..####
...........# ...........#
...........#


You could see a quokka and a rat.

Vanquished Creatures
  A gnoll (D:1)
  A ball python (D:1)
  3 bats (D:1)
  2 giant cockroaches (D:1)
  A goblin (D:1)
  5 jackals (D:1)
  A kobold (D:1)
  A frilled lizard (D:1)
15 creatures vanquished.

Notes
Turn   | Place    | Note
-------+----------+-------------------------------------------
     0 | D:1      | Whiskey the Octopode Shapeshifter began the quest for the
                  | Orb.
     0 | D:1      | Reached XP level 1. HP: 13/13 MP: 1/1
   131 | D:1      | Reached XP level 2. HP: 18/18 MP: 2/2
   293 | D:1      | Reached XP level 3. HP: 13/23 MP: 3/3
   298 | D:1      | HP: 5/23 [jackal (1)]
   305 | D:1      | Slain by a quokka

Illustrated notes

Levels and vault maps discovered:
D:1:      eino_arrival_cavern_d, layout_basic, serial_bayou_pond_e

Action                     || total
---------------------------++-------
  Melee: Unarmed           ||    28
         Constrict         ||     8
         Tentacles         ||     4
         Punch             ||     1
   Stab: Sleeping          ||     3
 Armour: Skin              ||    20
  Dodge: Dodged            ||    29

Table legend: (Time is in decaauts)
 A = Elapsed time spent in this place.
 B = Non-inter-level travel time spent in this place.
 C = Inter-level travel time spent in this place.
 D = Time resting spent in this place.
 E = Time spent auto-exploring this place.
 F = Levels seen in this place.
 G = Mean time per level.
                   A        B        C        D        E       F      G
               +--------+--------+--------+--------+--------+-----+--------+
         Total |    302 |    302 |      0 |      0 |    215 |   1 |  302.0 |
       Dungeon |    302 |    302 |      0 |      0 |    215 |   1 |  302.0 |
               +--------+--------+--------+--------+--------+-----+--------+

Top non-repeatable levels by time:
     D:1: 302 daAuts

Levels and vault maps discovered:
D:1:      eino_arrival_cavern_d, layout_basic, serial_bayou_pond_e

Table legend: (Time is in decaauts)
 A = Elapsed time spent in this place.
 B = Non-inter-level travel time spent in this place.
 C = Inter-level travel time spent in this place.
 D = Time resting spent in this place.
 E = Time spent auto-exploring this place.
 F = Levels seen in this place.
 G = Mean time per level.
                   A        B        C        D        E       F      G
               +--------+--------+--------+--------+--------+-----+--------+
         Total |    302 |    302 |      0 |      0 |    215 |   1 |  302.0 |
       Dungeon |    302 |    302 |      0 |      0 |    215 |   1 |  302.0 |
               +--------+--------+--------+--------+--------+-----+--------+

Top non-repeatable levels by time:
     D:1: 302 daAuts

Table legend:
 A = Kills in this place as a percentage of kills in the entire game.
 B = Kills by you in this place as a percentage of kills by you in the entire game.
 C = Kills by friends in this place as a percentage of kills by friends in the entire game.
 D = Other kills in this place as a percentage of other kills in the entire game.
 E = Experience gained in this place as a percentage of experience gained in the entire game.
 F = Experience gained in this place divided by the number of levels of this place that you have seen.
                   A       B       C       D       E      F
               +-------+-------+-------+-------+-------+----------------------
         Total | 100.0 | 100.0 |   N/A |   N/A | 100.0 |  40.0
       Dungeon | 100.0 | 100.0 |   N/A |   N/A | 100.0 |  40.0
               +-------+-------+-------+-------+-------+----------------------
